 Dungeon Crawl Stone Soup version 0.31-a0-986-g5e6e4ef867 (webtiles) character file.

Game seed: 11926369092409270153

182 avis the Ducker (level 5, 15/15 HPs)
             Began as a Felid Shapeshifter on Nov 21, 2023.
             Got out of the dungeon alive.
             The game lasted 00:13:39 (2445 turns).

avis the Ducker (Felid Shapeshifter)                Turns: 2445, Time: 00:13:39

Health: 15/15      AC:  1    Str: 10    XL:     5   Next: 34%
Magic:  15/15      EV: 20    Int: 12    God:
Gold:   123        SH:  0    Dex: 17    Spells: 2/4 levels left
                                        Lives:  1   Deaths: 1

rFire   . .          .
                       - Unarmed
rCold   + . .        (shield unavailable)
rNeg    . . .        (body armour unavailable)
rPois   .            (helmet unavailable)
rElec   .            (cloak unavailable)
rCorr   .            (gloves unavailable)
SInv    +            (boots unavailable)
Will    .....        (no amulet)
Stlth   +            f - ring of magical power
HPRegen 0.22/turn    o - ring of protection from cold
MPRegen 0.14/turn

%: no passive effects
@: flux-form, glowing, quick
A: glow, contaminating, reduced hp, very small, claws 1, fangs 3, see invisible,
speed 1, shaggy fur 1, stealthy paws, no weapons or thrown items, no armour,
multi-lived
a: Begin Untransformation


You escaped.
You were something dangerously unstable.
You visited 1 branch of the dungeon, and saw 3 of its levels.

You collected 123 gold pieces.

Inventory:

Jewellery
 f - a ring of magical power (left paw)
 o - a ring of protection from cold (right paw)
Talismans
 b - a beast talisman
 c - a flux talisman (active)
Scrolls
 d - 2 scrolls of teleportation {unknown}
 e - 2 scrolls of torment {unknown}
 g - a scroll of fear {unknown}
 h - 2 scrolls of enchant armour {unknown}
 k - a scroll of enchant weapon {unknown}
 n - 3 scrolls of identify {unknown}
Potions
 a - a potion of lignification
 i - a potion of mutation {unknown}
 j - a potion of cancellation {unknown}
 l - 3 potions of curing {unknown}
 m - a potion of might {unknown}


   Skills:
 - Level 3.0 Fighting
 * Level 5.8 Dodging
 - Level 3.0 Unarmed Combat
 - Level 2.0 Translocations
 - Level 3.5 Shapeshifting


You had 2 spell levels left.
You knew the following spells:

 Your Spells              Type           Power      Damage    Failure   Level
b - Blink                 Tloc           8%         N/A       22%         2

Your spell library contained the following spells:

 Spells                   Type           Power      Damage    Failure   Level
 Lesser Beckoning         Tloc           8%         N/A       22%         2
 Freeze                   Ice            0%         1d3       32%         1
 Momentum Strike          Conj/Tloc      4%         3d8       32%         2
 Frozen Ramparts          Ice            0%         1d1       69%         3
 Hailstorm                Conj/Ice       0%         3d3       69%         3


Dungeon Overview and Level Annotations

Branches:
Dungeon (3/15)

Altars:
Nemelex Xobeh

Annotations:
D:3 Ijyb


Innate Abilities, Weirdness & Mutations

You are something dangerously unstable.
You glow with magical radiation, making you easy to see and hit.
Foes you strike become dangerously contaminated with magical radiation.
Your maximum health is decreased, since you lack skill for your form.
You have sharp claws.
You have razor-sharp teeth.
You have supernaturally acute eyesight. (SInv)
You cover ground quickly. (Speed+)
You are covered in fur. (AC +1)
Your paws help you pounce on unaware monsters.
You are incapable of wielding weapons or throwing items.
You cannot wear armour.
You gain extra lives every three experience levels.


Message History

The ball python closely misses you. The ball python completely misses you.
The ball python closely misses you. The ball python misses you.
The ball python attacks as it pursues you!
The ball python barely misses you. The ball python misses you.
The ball python attacks as it pursues you!
The ball python misses you. The ball python grabs you.
The ball python constricts you.
There is a stone staircase leading up here.
You escape the ball python's grasp.
The ball python misses you. x2
You climb upwards.
There is a stone staircase leading down here.
You claw the ball python!
You kill the ball python!
You start resting.
HP restored.
You begin transforming.
You continue transforming. x3
Your transformation has ended.
You turn into something dangerously unstable.
You climb downwards.
Level annotation: Ijyb
There is a stone staircase leading up here.
Ijyb zaps a wand.
The bolt of light hits you!
You are confused.
Ouch! That really hurt!
You feel less confused.
Ijyb zaps a wand.
The bolt of light hits you!!
You are confused.
Ouch! That really hurt!
You die...
Your shape twists and changes as you die.
An adder comes into view.
You rejoin the land of the living...
There is a stone staircase leading up here.
You climb upwards.
There is a stone staircase leading down here.
What level of the Dungeon? (default 2, ? - help)
There is a stone staircase leading up here.
You climb upwards.
There is a stone staircase leading down here.
There is a staircase leading out of the dungeon here.
You have escaped!

.........#.#.#.#.#.#.#.#....#..#.
......###...............##..#..#.
.....###......#..........#.##..#.
.....# ##.......#.......##.......
.....# #.....#....#......#.....##
.....# ##...........#...##.###...
.....# #....#.#.#.#...#..#...#...
.....# ##...............####.....
.....# #...#..#.p.#..#...# #.....
.....# ##...............## #.....
.....# #..#...#.#.#.#....# #.....
.....# ##...#...........## #.....
.....# #......#....#.....# #.....
.....# ##.......#.......## #####.
.....# #..........#......# #.
#....####...............##### #.
####.....#.#.#.#.#.#.#.#....# #.


There were no monsters in sight!

Vanquished Creatures
  Natasha (thrice) (D:2)
  Robin (D:2)
  A gnoll (D:1)
  3 adders (D:2)
  A worm (D:3)
  2 dart slugs
  3 endoplasms
  9 goblins
  10 hobgoblins
  2 quokkas (D:2)
  4 ball pythons (D:2)
  4 bats
  3 frilled lizards
  3 kobolds
  3 rats
52 creatures vanquished.

Notes
Turn   | Place    | Note
-------+----------+-------------------------------------------
     0 | D:1      | avis the Felid Shapeshifter began the quest for the Orb.
     0 | D:1      | Reached XP level 1. HP: 9/9 MP: 2/2
   291 | D:1      | Reached XP level 2. HP: 13/13 MP: 3/3
   536 | D:1      | Reached XP level 3. HP: 11/16 MP: 4/4
   780 | D:2      | Found a sparkling altar of Nemelex Xobeh.
   785 | D:2      | Reached skill level 3 in Dodging
   819 | D:2      | Found a faded altar of an unknown god.
   994 | D:2      | Learned a level 2 spell: Blink
  1267 | D:2      | Noticed Robin
  1367 | D:2      | Reached XP level 4. HP: 21/21 MP: 5/5
  1384 | D:2      | Killed Robin
  1385 | D:2      | Reached skill level 4 in Dodging
  1385 | D:2      | Reached skill level 1 in Translocations
  1420 | D:2      | Noticed Natasha
  1443 | D:2      | Killed Natasha
  1492 | D:2      | Noticed Natasha
  1504 | D:2      | Killed Natasha
  1625 | D:2      | Reached skill level 5 in Dodging
  1927 | D:2      | Reached XP level 5. HP: 19/24 MP: 6/6
  2022 | D:2      | Noticed Natasha
  2088 | D:2      | Killed Natasha
  2307 | D:3      | Noticed Ijyb
  2344 | D:3      | Killed from afar by Ijyb
  2445 | D:$      | Got out of the dungeon alive.

Illustrated notes

Levels and vault maps discovered:
D:1:      co_arrival_square_in_a_square_in_a_square, layout_basic
D:2:      layout_basic, chequers_ecumenical_altar_island, basic_altar,
          uniq_robin, uniq_natasha
D:3:      layout_rooms, serial_shops, nicolae_book_shop_shelving,
          hangedman_decor_growths, nrook_loot_triangle, uniq_ijyb

Skill      XL: |  1  2  3  4 |
---------------+-------------+-----
Fighting       | 2 3 |  3.0
Dodging        | 3 5 |  5.8
Translocations | 2 |  2.0
Unarmed Combat | |  3.0
Shapeshifting  | |  3.5

Action                     |  1- 3 |  4- 6 || total
---------------------------+-------+-------++-------
  Melee: Unarmed           |    85 |    56 ||   141
         Bite              |     4 |     6 ||    10
         Punch             |     1 |       ||     1
    Use: Potion            |       |     1 ||     1
   Stab: Sleeping          |     3 |       ||     3
 Armour: Skin              |    16 |    15 ||    31
  Dodge: Dodged            |    57 |    56 ||   113
   Form: Flux              |       |     1 ||     1

Table legend: (Time is in decaauts)
 A = Elapsed time spent in this place.
 B = Non-inter-level travel time spent in this place.
 C = Inter-level travel time spent in this place.
 D = Time resting spent in this place.
 E = Time spent auto-exploring this place.
 F = Levels seen in this place.
 G = Mean time per level.
                   A        B        C        D        E       F      G
               +--------+--------+--------+--------+--------+-----+--------+
         Total |   2087 |   1820 |    267 |    284 |    890 |   3 |  695.7 |
       Dungeon |   2087 |   1820 |    267 |    284 |    890 |   3 |  695.7 |
               +--------+--------+--------+--------+--------+-----+--------+

Top non-repeatable levels by time:
     D:2: 1150 daAuts
     D:1: 797 daAuts
     D:3: 139 daAuts
